Map: Overgrown Facility

Players

Subwaymaker

  • Race: Protoss Protoss
  • League: Gold
  • Spawn Location: 3:00

Mesrob

  • Race: Terran Terran
  • League: Platinum
  • Spawn Location: 1:00

Neema - Winner!

  • Race: Zerg Zerg
  • League: Diamond
  • Spawn Location: 9:00

SushiMane - Winner!

  • Race: Protoss Protoss
  • League: Platinum
  • Spawn Location: 7:00

VOD

Have the link to the VOD?

Description

Time

  • Played on: July 16, 2019, 8:50 p.m.
  • Length: 20:08
Show
View Real Time Build Order
Export as new Build Order

Subwaymaker Protoss 

Build Orders: Oracle Opening 

Get SALT Encoding   

  12  0:01  Probe  
  13  0:13  Probe  
  14  0:21  Pylon  
  14  0:28  Probe  
  15  0:40  Probe  
  16  0:45  Gateway  
  16  0:51  Assimilator  
  16  0:52  Probe  
  16  0:55  Assimilator  
  17  1:00  Probe  
  18  1:08  Probe  
  18  1:16  Probe  
  20  1:28  Probe  
  21  1:33  Pylon  
  21  1:38  Cybernetics Core  
  23  1:40  Zealot  
  23  1:51  Probe  
  24  2:03  Probe  
  25  2:23  Stargate  
  25  2:28  Pylon  
  25  2:30  Nexus  
  25  2:36  Probe  
  26  2:40  Warp Gate  
  26  2:48  Probe  
  27  2:57  Oracle  
  27  2:59  Stalker  
  27  3:00  Probe  
  30  3:12  Probe  
  34  3:25  Oracle  
  34  3:29  Gateway  
  34  3:32  Twilight Council  
  34  3:35  Probe  
  38  3:48  Probe  
  39  3:51  Probe  
  40  3:57  Assimilator  
  40  3:58  Assimilator  
  40  4:00  Probe  
  32  4:16  Probe x2  
  34  4:23  Pylon  
  34  4:28  Probe  
  34  4:29  Probe  
  33  4:32  Stalker  
  33  4:34  Stalker  
  34  5:07  Charge  
  34  5:08  Probe  
  34  5:09  Probe  
  36  5:16  Probe  
  36  5:17  Probe  
  38  5:25  Probe x2  
  40  5:37  Stalker, Probe x2  
  44  5:45  Stalker  
  44  5:47  Probe  
  47  5:54  Probe  
  47  5:55  Probe  
  47  6:06  Probe  
  47  6:09  Stalker x2  
  46  6:21  Probe x2  
  47  6:34  Void Ray  
  51  6:44  Pylon, Blink  
  48  6:48  Probe x2  
  49  7:00  Probe x2  
  51  7:12  Probe x2  
  53  7:16  Templar Archives  
  53  7:20  Gateway  
  53  7:24  Probe x2  
  53  7:25  Void Ray  
  55  7:34  Pylon  
  55  7:36  Probe  
  60  7:49  Probe x2  
  62  7:57  Gateway  
  62  8:00  Gateway  
  62  8:01  Probe x2  
  64  8:08  Void Ray  
  64  8:13  High Templar x2  
  64  8:14  High Templar  
  74  8:23  Archon  
  74  8:29  Probe x2  
  74  8:41  Probe x2  
  66  8:47  High Templar x3  
  72  8:53  Probe x2  
  74  9:00  Gateway  
  74  9:03  Void Ray, Gateway  
  74  9:06  Pylon  
  74  9:08  Pylon  
  78  9:16  Archon  
  78  9:24  Probe x2  
  78  9:29  Pylon, Gateway  
  80  9:31  Gateway  
  80  9:36  Probe  
  81  9:47  High Templar x5  
  89  9:56  Assimilator  
  89  10:03  Assimilator  
  89  10:22  Archon x2  
  89  10:25  Zealot x5  
  89  10:26  Zealot  
  89  10:27  Archon  
  101  10:33  Pylon  
  101  10:35  Pylon  
  101  10:41  Nexus  
  101  10:46  Pylon  
  101  10:48  Psionic Storm  
  101  10:57  Forge  
  101  10:58  Forge, Zealot x2  
  101  11:03  High Templar  
  107  11:04  Void Ray  
  107  11:05  High Templar  
  107  11:07  High Templar  
  107  11:09  High Templar  
  113  11:12  Protoss Ground Weapons Level 1  
  113  11:16  Protoss Shields Level 1, Archon  
  113  11:17  Archon  
  117  11:23  Probe x2  
  119  11:35  Probe x2  
  121  11:47  Probe x2  
  103  12:02  Zealot  
  103  12:03  Zealot x6  
  69  12:34  Zealot  
  69  12:35  Zealot x8  
  69  12:36  Probe  
  87  12:38  Void Ray  
  87  12:39  Probe  
  93  12:54  Pylon  
  93  12:57  Gateway  
  93  13:00  Gateway  
  93  13:10  Pylon  
  93  13:15  High Templar x6  
  93  13:16  High Templar  
  89  13:34  Void Ray  
  93  13:42  Protoss Ground Weapons Level 2  
  93  13:47  Stargate  
  93  13:54  High Templar x4  
  101  13:56  Zealot x5  
  111  14:05  Probe  
  111  14:06  Probe  
  111  14:07  Probe  
  114  14:13  Probe  
  114  14:14  Probe  
  114  14:15  Probe  
  114  14:23  Probe x2  
  117  14:26  Archon x4  
  117  14:27  Archon  
  117  14:29  Void Ray  
  119  14:31  Stalker x2  
  119  14:32  Stalker x6  
  119  14:33  Stalker  
  141  14:54  Pylon  
  141  14:56  Gateway  
  141  15:15  Nexus  
  141  15:19  Assimilator  
  141  15:22  High Templar x4  
  141  15:23  Assimilator, Zealot  
  141  15:24  Zealot x4  
  141  15:26  Pylon  
  159  15:30  Pylon  
  159  15:34  Archon x2  
  159  15:44  Protoss Shields Level 2  
  159  15:45  Zealot x5  
  169  15:51  Pylon, Void Ray  
  169  15:53  Void Ray  
  169  16:01  Pylon  
  177  16:04  Pylon  
  177  16:09  Zealot  
  177  16:10  Zealot x3  
  185  16:46  High Templar x3  
  191  16:47  High Templar  
  191  16:48  Zealot  
  191  16:49  Zealot x2  
  199  16:59  Pylon  
  183  17:10  Archon x2  
  66  17:43  High Templar  
  66  17:44  High Templar x2  
  36  17:46  Zealot x4  
  36  17:47  Zealot x3  
  36  18:18  High Templar  
  38  18:23  Zealot  
  38  18:24  Zealot x5  
  38  18:25  Zealot x3  
  56  18:36  Archon  
  56  18:49  Assimilator  
  56  19:07  Nexus  
  56  19:11  Oracle  
  59  19:34  Zealot  
  59  19:35  Zealot x3  
  17  19:57  High Templar  
  17  19:58  High Templar x2  
Show
View Real Time Build Order
Export as new Build Order

Mesrob Terran 

Build Orders: 2 Factory, Reaper Expand 

Get SALT Encoding   

  12  0:00  SCV  
  13  0:12  SCV  
  14  0:20  Supply Depot  
  14  0:25  SCV  
  15  0:41  SCV  
  16  0:43  Barracks  
  16  0:48  Refinery  
  16  0:59  SCV  
  17  1:11  SCV  
  18  1:23  SCV  
  19  1:35  Orbital Command  
  19  1:45  Command Center  
  19  1:54  Reaper  
  19  2:00  Refinery  
  21  2:01  SCV  
  21  2:10  Supply Depot  
  21  2:16  Factory  
  21  2:27  SCV  
  22  2:39  SCV  
  22  2:41  Barracks Reactor  
  23  2:49  Factory  
  23  2:57  Orbital Command  
  23  3:04  Engineering Bay  
  23  3:06  SCV  
  24  3:17  Supply Depot  
  24  3:18  SCV  
  25  3:31  Hellion x2  
  29  3:34  Factory Tech Lab  
  29  3:38  Factory  
  29  3:39  SCV  
  30  3:43  Refinery  
  30  3:46  SCV  
  31  3:51  SCV  
  31  3:55  Hellion  
  34  3:58  SCV  
  34  4:01  Cyclone  
  38  4:03  SCV  
  38  4:07  Hellion  
  41  4:13  Missile Turret  
  41  4:19  Missile Turret  
  41  4:30  Missile Turret  
  41  4:31  Factory Tech Lab  
  41  4:34  Cyclone  
  44  4:40  SCV  
  44  4:43  SCV  
  46  4:49  Missile Turret  
  46  4:51  Mag-Field Accelerator  
  46  4:52  SCV  
  47  4:54  Armory  
  47  4:55  SCV  
  48  5:01  Supply Depot  
  48  5:06  Supply Depot  
  48  5:11  SCV  
  48  5:12  SCV  
  50  5:16  Cyclone  
  53  5:23  SCV, Cyclone  
  53  5:24  SCV  
  53  5:25  Supply Depot  
  58  5:34  Hellion  
  58  5:35  Hellion  
  62  5:37  SCV  
  62  5:38  SCV  
  64  5:45  Refinery  
  64  5:48  Cyclone  
  67  5:50  SCV  
  67  5:55  Cyclone  
  67  5:56  Hellion x2  
  75  6:17  Hellion  
  77  6:32  Hellion  
  76  6:55  Cyclone  
  76  6:56  Cyclone  
  75  7:01  Command Center  
  75  7:10  Supply Depot  
  62  7:16  Command Center  
  62  7:17  Supply Depot  
  62  7:19  Supply Depot  
  62  7:21  Supply Depot  
  60  7:28  Cyclone x2  
  66  7:33  Hellion x2  
  66  7:34  Supply Depot, SCV  
  66  7:36  SCV  
  72  7:46  SCV  
  72  7:48  SCV  
  74  7:57  Starport  
  74  7:59  Starport, SCV  
  74  8:00  SCV, Cyclone  
  78  8:12  Cyclone  
  81  8:13  Hellion x2  
  85  8:32  Cyclone  
  85  8:34  Starport  
  88  8:40  Starport Reactor x2  
  86  8:47  Cyclone  
  86  8:48  Hellion x2  
  93  8:51  Orbital Command  
  93  8:53  SCV x2  
  95  9:02  Refinery, Liberator x2  
  95  9:03  Liberator x2  
  95  9:05  SCV  
  95  9:06  SCV  
  97  9:11  Cyclone  
  97  9:12  Hellion x2  
  97  9:13  Starport Tech Lab  
  116  9:28  Refinery, Supply Depot  
  116  9:29  Supply Depot  
  103  9:51  Supply Depot, Cyclone x2  
  103  9:52  Hellion x2  
  98  9:53  Supply Depot  
  95  10:13  Supply Depot  
  95  10:14  Hellion x2  
  99  10:17  Supply Depot  
  97  10:23  Cyclone x2  
  103  10:35  Hellion x2  
  107  10:44  Factory  
  107  10:47  Factory  
  107  10:50  Fusion Core, SCV  
  107  10:52  SCV  
  107  10:53  SCV  
  107  10:55  Cyclone x2  
  116  10:59  Terran Vehicle Weapons Level 1  
  116  11:00  Neosteel Armor  
  116  11:02  SCV  
  117  11:04  SCV  
  117  11:05  SCV, Armory  
  119  11:14  SCV  
  119  11:15  Supply Depot  
  119  11:16  SCV  
  121  11:26  SCV  
  121  11:27  Hellion x2, Cyclone  
  121  11:28  Cyclone  
  121  11:30  Raven  
  134  11:34  Viking  
  134  11:37  Viking  
  134  11:38  SCV  
  139  11:40  Supply Depot  
  139  11:50  SCV  
  136  12:06  Supply Depot  
  105  12:22  Liberator x2  
  85  12:24  Liberator  
  85  12:28  Supply Depot  
  85  12:37  Battlecruiser  
  85  12:41  Viking  
  102  12:45  Cyclone  
  102  12:47  Hellion x3  
  111  12:52  Factory Tech Lab x2  
  111  12:53  Supply Depot, Liberator  
  108  13:08  Hellion x3  
  117  13:17  Hellion  
  109  13:29  Hellion x2  
  109  13:30  Hellion  
  115  13:42  Liberator, Cyclone  
  115  13:43  Hellion x2  
  115  13:45  Liberator  
  122  14:00  Battlecruiser  
  122  14:02  Viking  
  136  14:04  Cyclone  
  136  14:06  Hellion x2  
  136  14:07  Hellion x2  
  147  14:14  Hellion  
  146  14:28  Hellion x4  
  154  14:31  Command Center  
  154  14:35  Hellion  
  154  14:37  Hellion  
  158  14:49  Hellion x3  
  158  14:50  Hellion, Viking  
  158  14:51  Viking  
  170  14:57  Cyclone  
  170  14:58  Cyclone  
  176  15:04  Battlecruiser  
  182  15:10  Cyclone  
  185  15:25  Liberator x2  
  185  15:26  Liberator  
  191  15:46  Hellion x3  
  200  15:52  Planetary Fortress  
  200  15:57  Refinery  
  200  16:20  Refinery  
  200  16:37  Missile Turret  
  200  16:49  Command Center  
  200  16:58  Missile Turret  
  200  17:11  Sensor Tower  
  200  17:18  Missile Turret  
  142  17:39  Missile Turret  
  142  17:44  Siege Tank  
  120  17:45  Cyclone x3  
  120  17:48  Hellion x2  
  98  17:59  Missile Turret  
  98  18:09  Hellion  
  100  18:15  Hellion  
  100  18:16  Cyclone  
  100  18:17  Cyclone  
  108  18:21  Missile Turret  
  104  18:28  Cyclone x2  
  104  18:31  Hellion  
  112  18:36  Battlecruiser  
  112  18:37  Hellion, Viking x4  
  128  18:42  Missile Turret  
  128  18:48  Cyclone  
  131  18:49  Cyclone  
  131  18:52  Hellion  
  136  18:58  Hellion  
  136  19:00  Hellion x2  
  142  19:07  Viking  
  144  19:14  Hellion  
  146  19:19  Hellion  
  146  19:20  Hellion  
  146  19:21  Hellion x3  
  156  19:35  Hellion  
  158  19:41  Hellion  
  158  19:43  Hellion x3  
Show
View Real Time Build Order
Export as new Build Order

Neema Zerg - Winner!

Build Orders: Hatch First, Lurkers, Roach Hydra 

Get SALT Encoding   

  12  0:01  Drone  
  13  0:12  Overlord  
  13  0:28  Overlord  
  13  0:30  Drone  
  13  0:31  Drone  
  15  0:55  Hatchery  
  14  0:57  Drone  
  14  1:01  Drone  
  16  1:05  Drone  
  17  1:18  Extractor, Drone  
  17  1:27  Drone  
  18  1:34  Drone  
  19  1:47  Overlord  
  19  2:06  Spawning Pool, Drone  
  19  2:12  Drone x2  
  21  2:17  Drone  
  21  2:20  Drone  
  23  2:30  Drone x2  
  25  2:41  Drone  
  25  2:43  Drone  
  27  2:48  Hatchery  
  26  2:57  Drone x2  
  28  3:05  Queen  
  30  3:06  Queen  
  30  3:08  Zergling x4  
  30  3:10  Metabolic Boost  
  34  3:21  Drone x3  
  37  3:28  Overlord  
  37  3:34  Drone  
  37  3:35  Drone  
  39  3:46  Overlord  
  39  3:47  Overlord  
  39  3:58  Drone  
  39  3:59  Roach Warren  
  37  4:11  Spore Crawler  
  37  4:12  Spore Crawler  
  37  4:13  Queen  
  37  4:15  Drone x8  
  45  4:36  Spore Crawler  
  45  4:38  Drone x6  
  45  4:39  Drone x2  
  45  4:40  Extractor  
  45  4:42  Extractor  
  45  4:43  Lair  
  48  4:48  Spore Crawler  
  48  4:50  Spore Crawler  
  45  4:56  Spore Crawler  
  43  5:06  Spore Crawler  
  38  5:16  Queen  
  38  5:19  Drone x8  
  38  5:20  Drone  
  49  5:28  Drone  
  51  5:36  Extractor  
  51  5:39  Extractor  
  51  5:40  Drone x7  
  56  5:43  Glial Reconstitution  
  56  5:51  Queen  
  58  5:58  Drone  
  58  5:59  Drone  
  58  6:03  Drone x2  
  58  6:04  Drone x6  
  68  6:10  Hydralisk Den  
  67  6:24  Spine Crawler  
  67  6:25  Roach  
  68  6:26  Roach x3  
  68  6:28  Overlord x3  
  74  6:36  Overlord  
  74  6:37  Overlord x6  
  69  6:47  Roach x5  
  80  6:54  Roach  
  76  7:01  Roach  
  76  7:04  Roach  
  76  7:14  Drone x2, Spine Crawler  
  75  7:24  Drone x4  
  75  7:27  Grooved Spines  
  75  7:28  Hatchery  
  78  7:33  Roach x3  
  84  7:44  Drone  
  84  7:45  Hydralisk x2  
  84  7:46  Hydralisk x4  
  97  7:52  Evolution Chamber  
  97  7:54  Evolution Chamber  
  97  7:56  Hatchery, Queen  
  96  8:08  Hydralisk  
  96  8:09  Hydralisk x4  
  106  8:23  Zerg Missile Weapons Level 1, Zerg Ground Armor Level 1  
  106  8:26  Lair  
  106  8:38  Muscular Augments  
  106  8:39  Drone  
  106  8:40  Drone x7  
  114  8:56  Spine Crawler  
  114  8:59  Overlord x4  
  114  9:24  Drone  
  114  9:25  Lurker Den  
  114  9:30  Hydralisk x4  
  114  9:31  Hydralisk x10  
  121  9:33  Overlord x3  
  111  9:55  Queen  
  105  10:07  Hydralisk  
  105  10:08  Hydralisk x10  
  105  10:13  Hatchery  
  126  10:21  Zerg Missile Weapons Level 2  
  126  10:41  Extractor, Zerg Ground Armor Level 2  
  125  11:01  Overseer  
  125  11:04  Roach  
  125  11:05  Roach x16  
  125  11:07  Overlord x4  
  159  11:26  Lurker x4  
  163  11:38  Drone  
  163  11:39  Drone x16  
  180  11:42  Queen  
  127  12:24  Hydralisk x4  
  127  12:25  Hydralisk x12  
  159  12:35  Extractor  
  159  12:36  Extractor  
  157  12:44  Infestation Pit  
  156  12:54  Drone x2  
  156  12:55  Drone, Overlord x4  
  152  13:05  Hydralisk x11  
  165  13:33  Lurker x3  
  170  13:34  Lurker x4  
  170  13:35  Lurker  
  173  13:42  Hive  
  173  13:54  Queen  
  175  14:06  Overseer  
  175  14:07  Hatchery  
  168  14:25  Hydralisk  
  168  14:26  Hydralisk x15  
  200  14:55  Zerg Ground Armor Level 3, Zerg Missile Weapons Level 3  
  200  15:01  Spore Crawler  
  199  15:35  Adaptive Talons  
  196  15:44  Queen  
  198  16:06  Ultralisk Cavern  
  198  16:10  Extractor  
  196  16:19  Queen  
  196  16:23  Extractor  
  171  17:36  Hydralisk  
  171  17:37  Hydralisk x16  
  137  17:38  Hydralisk x16  
  178  17:59  Chitinous Plating  
  172  18:08  Pneumatized Carapace  
  163  18:19  Lurker x2  
  160  18:20  Lurker x6  
  162  18:38  Lurker x3  
  162  18:39  Lurker x3  
  162  18:40  Ultralisk  
  162  18:41  Ultralisk x4  
  198  18:50  Zergling x2  
  198  18:51  Zergling x2  
  200  19:18  Anabolic Synthesis  
Show
View Real Time Build Order
Export as new Build Order

SushiMane Protoss - Winner!

Build Orders: Oracle Opening 

Get SALT Encoding   

  12  0:01  Probe  
  13  0:15  Pylon  
  13  0:18  Probe  
  14  0:32  Probe  
  14  0:35  Gateway  
  14  0:40  Probe  
  15  0:46  Assimilator  
  16  0:50  Probe  
  17  1:07  Probe  
  18  1:15  Probe  
  18  1:25  Probe  
  19  1:26  Cybernetics Core  
  19  1:30  Assimilator  
  20  1:42  Probe  
  21  1:56  Probe  
  22  2:08  Stargate  
  22  2:17  Stargate  
  22  2:21  Probe  
  23  2:25  Warp Gate  
  23  2:40  Pylon  
  23  2:43  Nexus  
  23  2:50  Oracle  
  23  2:56  Gateway  
  23  2:58  Pylon  
  26  3:20  Oracle  
  26  3:33  Probe  
  30  4:13  Stalker x2  
  34  4:48  Robotics Facility  
  34  4:50  Stalker x2  
  38  4:55  Pylon  
  38  4:58  Robotics Facility  
  38  5:06  Probe  
  38  5:07  Twilight Council  
  38  5:09  Probe  
  40  5:14  Stalker x2, Probe  
  45  5:21  Probe  
  45  5:24  Probe  
  47  5:34  Probe  
  48  5:36  Probe  
  48  5:38  Forge  
  48  5:39  Warp Prism  
  51  5:46  Probe  
  51  5:48  Probe  
  53  5:58  Probe  
  53  6:00  Probe  
  53  6:10  Probe  
  50  6:15  Observer  
  47  6:34  Stalker x2  
  47  6:36  Charge  
  47  6:38  Immortal  
  55  6:45  Robotics Facility  
  55  6:47  Probe  
  55  6:50  Assimilator  
  56  6:54  Assimilator  
  56  6:56  Gateway x2  
  56  6:59  Stalker x2, Probe  
  56  7:00  Gateway  
  59  7:02  Gateway  
  59  7:12  Probe  
  60  7:26  Stalker  
  62  7:32  Pylon  
  62  7:35  Pylon  
  62  7:37  Pylon  
  62  7:38  Pylon  
  62  7:41  Immortal  
  62  7:43  Immortal  
  62  7:49  Pylon  
  62  7:50  Probe  
  62  7:51  Probe  
  68  7:57  Nexus  
  72  8:03  Probe x2  
  74  8:15  Probe  
  74  8:46  Immortal  
  78  8:53  Protoss Ground Weapons Level 1  
  78  8:57  Stalker  
  78  8:58  Stalker x2  
  78  9:01  Zealot x3  
  90  9:18  Probe x2  
  90  9:21  Assimilator  
  90  9:24  Assimilator, Probe  
  93  9:25  Immortal  
  93  9:30  Probe x2  
  99  9:36  Probe  
  100  9:42  Probe  
  100  9:43  Probe  
  102  9:48  Probe  
  85  9:54  Probe  
  85  9:55  Probe  
  77  10:06  Immortal  
  79  10:10  Void Ray  
  77  10:22  Stalker x6  
  89  10:37  Probe x3  
  92  10:44  Gateway  
  92  10:46  Gateway  
  92  10:48  Gateway  
  92  10:49  Probe  
  93  10:50  Pylon  
  93  10:53  Protoss Shields Level 1  
  93  10:54  Probe x2  
  95  10:57  Blink, Void Ray  
  99  11:11  Stargate  
  99  11:12  Stargate  
  99  11:18  Protoss Air Weapons Level 1  
  99  11:29  Observer  
  100  11:36  Pylon  
  100  11:41  Zealot x2  
  100  11:42  Zealot x6  
  116  11:51  Observer  
  72  12:03  Zealot x3  
  72  12:04  Zealot x6  
  64  12:33  Void Ray x2  
  64  12:35  Void Ray  
  76  12:42  Fleet Beacon  
  76  12:47  Pylon  
  76  12:58  Probe x3  
  79  13:03  Zealot x2  
  79  13:04  Zealot x3  
  89  13:09  Void Ray  
  89  13:10  Void Ray, Probe x3  
  100  13:22  Probe  
  101  13:47  Cybernetics Core  
  101  13:48  Protoss Air Weapons Level 2  
  101  13:49  Void Ray x2  
  109  14:16  Nexus  
  109  14:22  Carrier  
  115  14:39  Assimilator  
  115  14:40  Carrier  
  115  14:42  Assimilator  
  115  14:46  Pylon  
  115  14:48  Pylon  
  115  14:52  Pylon  
  121  15:04  Protoss Air Armor Level 1  
  121  15:05  Protoss Shields Level 2  
  120  15:44  Carrier  
  126  15:57  Carrier  
  132  16:06  Probe  
  133  16:12  Void Ray  
  133  16:13  Zealot x5  
  133  16:14  Zealot x3  
  149  16:18  Probe  
  154  16:30  Probe  
  155  16:43  Probe  
  156  16:48  Carrier  
  162  16:55  Protoss Air Weapons Level 3  
  162  16:59  Void Ray  
  162  17:01  Void Ray  
  105  17:42  Void Ray  
  85  18:01  Void Ray  
  85  18:02  Void Ray  
  93  18:24  Void Ray  
  97  18:44  Void Ray x2  
  105  19:07  Void Ray  
Tags
 
Add a new tag
Caveats
  • Supply blocks, unpowered buildings, or Contaminate may cause inaccurate times.
  • Supply counts are checked every 10 seconds.